 Dungeon Crawl Stone Soup version 0.29-a0-477-g62b78b4225 (webtiles) character file.

Game seed: 6188506054237695427

3625 xian the Covered (level 9, -1/79 HPs)
             Began as a Minotaur Fighter on May 25, 2022.
             Was a Follower of Fedhas.
             Slain by an unseen horror (4 damage)
             ... on level 7 of the Dungeon.
             The game lasted 00:21:24 (7531 turns).

xian the Covered (Minotaur Fighter)                 Turns: 7531, Time: 00:21:25

Health: -1/79      AC: 22    Str: 25    XL:     9   Next: 87%
Magic:  8/8        EV: 16    Int:  5    God:    Fedhas [*.....]
Gold:   423        SH:  5    Dex: 10    Spells: 8/8 levels left

rFire   . . .      SeeInvis .   G - +3 flail (protect)
rCold   . . .      Faith    .   c - +0 buckler
rNeg    . . .      Spirit   .   I - +1 acid dragon scales
rPois   .          Reflect  .   (helmet restricted)
rElec   .          Harm     .   (no cloak)
rCorr   +          Rampage  .   D - +2 pair of gloves
Will    .....                   x - +2 pair of boots
Stlth   +.........              (no amulet)
HPRegen 0.23/turn               o - +4 ring of evasion
MPRegen 0.11/turn               y - ring of resist corrosion

@: lethally poisoned (-1 -> -2), under a protective aura, hasted, very quick
A: horns 2, retaliatory headbutt
a: Renounce Religion


You were on level 7 of the Dungeon.
You worshipped Fedhas.
Fedhas was aware of your devotion.
You visited 2 branches of the dungeon, and saw 8 of its levels.
You also visited: Ossuary.

You collected 423 gold pieces.

Inventory:

Hand Weapons
 B - a +1 war axe of freezing
 F - a +2 vorpal dire flail
 G - a +3 flail of protection (weapon)
Missiles
 i - 17 poisoned darts (quivered)
 C - 2 throwing nets
Armour
 b - +0 steam dragon scales
 c - a +0 buckler (worn)
 x - a +2 pair of boots (worn)
 D - a +2 pair of gloves (worn)
 I - +1 acid dragon scales (worn)
Magical Staves
 q - a staff of fire
Jewellery
 o - a +4 ring of evasion (left hand)
 y - a ring of resist corrosion (right hand)
Wands
 w - a wand of acid (5)
 E - a wand of polymorph (3)
Scrolls
 g - a scroll of amnesia {unknown}
 h - a scroll of enchant armour {unknown}
 k - 2 scrolls of fog {unknown}
 l - 3 scrolls of poison
 r - 3 scrolls of teleportation
 t - a scroll of blinking {unknown}
 v - a scroll of immolation {unknown}
 z - 4 scrolls of enchant weapon {unknown}
 A - a scroll of vulnerability {unknown}
 H - 2 scrolls of silence {unknown}
Potions
 a - 2 potions of lignification
 d - a potion of might
 e - 2 potions of berserk rage
 f - 4 potions of curing
 j - a potion of brilliance {unknown}
 m - 2 potions of flight
 n - a potion of cancellation {unknown}
 p - 3 potions of haste
 s - a potion of degeneration {unknown}
 u - a potion of mutation {unknown}


   Skills:
 + Level 7.3 Fighting
 + Level 5.9 Long Blades
 + Level 7.7(8.6) Axes
 + Level 5.8(7.6) Maces & Flails
 + Level 3.0 Throwing
 + Level 7.9 Armour
 + Level 4.5 Dodging
 + Level 1.2 Stealth
 + Level 6.0 Shields


You had 8 spell levels left.
You didn't know any spells.
Your spell library contained the following spells:

 Spells                   Type           Power      Damage    Failure   Level
 Static Discharge         Conj/Air       0%         N/A       77%         2
 Gell's Gravitas          Tloc           0%         N/A       94%         3
 Lesser Beckoning         Tloc           0%         N/A       94%         3
 Teleport Other           Tloc           0%         N/A       94%         3
 Dispel Undead            Necr           0%         3d6       100%        4
 Passage of Golubria      Tloc           0%         N/A       100%        4
 Sticky Flame             Conj/Fire      0%         2d3       100%        4
 Freezing Cloud           Conj/Ice/Air   0%         6-21      100%        5
 Silence                  Hex/Air        0%         N/A       100%        5
 Simulacrum               Ice/Necr       0%         N/A       100%        6
 Lehudib's Crystal Spear  Conj/Erth      0%         10d2      100%        8
 Polar Vortex             Ice            0%         N/A       100%        9


Dungeon Overview and Level Annotations

Branches:
Dungeon (7/15)             Temple (1/1) D:5         Ossuary (visited)

Altars:
Dithmenos
Fedhas
Kikubaaqudgha
Qazlal
Sif Muna
Wu Jian
Yredelemnul
Zin
The Shining One


Innate Abilities, Weirdness & Mutations

You have a pair of horns on your head.
You reflexively headbutt those who attack you in melee.


Message History

You are more poisoned.
You feel yourself slow down. The hornet misses you.
You miss the hornet. Your headbutt misses the hornet.
The hornet is heavily wounded.
You feel yourself speed up.
You feel very sick. The hornet misses you.
The hornet stings you but does no damage.
You barely miss the hornet. Your headbutt misses the hornet.
The hornet is heavily wounded.
You feel sick.
You barely miss the hornet.
You headbutt the hornet, but do no damage.
The hornet is heavily wounded.
You feel sick.
The hornet stings you but does no damage.
The hornet misses you.
You hit the hornet.
Your weapon exudes an aura of protection.
You headbutt the hornet!
The hornet is almost dead.
You feel sick. The hornet misses you.
You sock the hornet!
You kill the hornet!
Fedhas appreciates your contribution to the ecosystem.
You feel sick. Something hits you.
* * * LOW HITPOINT WARNING * * *
Your Shields skill increases to level 6!
You completely miss something.
You feel sick. Something hits you.
* * * LOW HITPOINT WARNING * * *
You feel sick. Something hits you.
* * * LOW HITPOINT WARNING * * *
Something hits you but does no damage.
You see here a hornet corpse.
You sock something! Something hits you but does no damage.
You hit something.
You feel sick. Something hits you.
* * * LOW HITPOINT WARNING * * *
You feel sick. Something hits you.
You die...
Fedhas appreciates your contribution to the ecosystem.

#.###.#.................#
#.# #.#.########.########
#.# #.#..# #.# ..# #.#..#
#####.#### ### #.#..#
#........#
#.#..###........#
..#...##........#
#.#.######.#### #.#.@#
#†# #...#†# #.#
.......#.# #.# ###....#.#
###.### #....#.. #<....#
#.!..##.####.#.# #.... .#
#.#.# #.... .# #.# # ..
#.#


There were no monsters in sight!

Vanquished Creatures
  Maggie (D:6)
  A hornet (D:7)
  A shadow (D:7)
  Sigmund (D:4)
  A yak (D:5)
  Eustachio (D:6)
  2 steam dragons (D:6)
  Edmund (D:6)
  Menkaure (D:5)
  Duvessa (D:5)
  2 ice beasts
  4 black bears
  3 phantoms (D:5)
  Blork the orc (D:6)
  A gnoll sergeant (D:6)
  2 bullfrogs
  2 scorpions (D:6)
  Dowan (D:5)
  A howler monkey (D:6)
  A bullfrog zombie (D:4)
  A jelly (D:5)
  2 orc priests (D:6)
  2 hounds
  A gnoll shaman (D:5)
  2 orc wizards
  5 iguanas
  A scorpion zombie (D:4)
  2 mummies
  14 gnolls
  6 adders
  4 worms
  3 dart slugs
  5 orcs
  2 spectral bats (Ossuary)
  2 endoplasms
  5 goblins
  9 hobgoblins
  3 jackals (D:2)
  5 kobolds
  A quokka (D:4)
  9 ball pythons
  3 bats
  3 bat simulacra (Ossuary)
  4 frilled lizards
  12 gnoll zombies (Ossuary)
  4 goblin simulacra (Ossuary)
  5 goblin zombies (Ossuary)
  4 hobgoblin zombies (Ossuary)
  3 kobold simulacra (Ossuary)
  6 kobold zombies
  5 orc zombies
  8 rats
  2 rat simulacra (Ossuary)
  A spectral goblin (Ossuary)
  5 spectral kobolds (Ossuary)
  3 spectral rats (Ossuary)
181 creatures vanquished.

Vanquished Creatures (others)
  6 plants (D:5)
  3 toadstools (D:5)
9 creatures vanquished.

Grand Total: 190 creatures vanquished

Notes
Turn   | Place    | Note
-------+----------+-------------------------------------------
     0 | D:1      | xian the Minotaur Fighter began the quest for the Orb.
     0 | D:1      | Reached XP level 1. HP: 19/19 MP: 0/0
    10 | D:1      | Found a faded altar of an unknown god.
   110 | D:1      | Reached XP level 2. HP: 27/27 MP: 1/1
  1034 | D:2      | Reached XP level 3. HP: 33/33 MP: 2/2
  1109 | D:2      | Reached skill level 1 in Dodging
  1870 | D:3      | You fall into a shaft and drop 1 floor!
  1878 | D:4      | Found a sand-covered staircase.
  1885 | D:4      | Reached XP level 4. HP: 29/40 MP: 3/3
  2058 | Ossuary  | Entered an ossuary
  2455 | Ossuary  | Reached XP level 5. HP: 34/46 MP: 4/4
  3116 | D:3      | Found a shimmering blue altar of Sif Muna.
  3267 | D:4      | Noticed a black bear
  3282 | D:4      | Killed a black bear
  3283 | D:4      | Reached skill level 5 in Long Blades
  3283 | D:4      | Reached XP level 6. HP: 40/53 MP: 5/5
  3364 | D:4      | Reached skill level 5 in Armour
  3581 | D:4      | Noticed Sigmund
  3593 | D:4      | Killed Sigmund
  3594 | D:4      | Reached skill level 1 in Axes
  3690 | D:4      | Reached skill level 5 in Fighting
  3695 | D:4      | Found a basalt altar of Yredelemnul.
  4054 | D:5      | Entered Level 5 of the Dungeon
  4072 | D:5      | Noticed an ice beast
  4083 | D:5      | Killed an ice beast
  4084 | D:5      | Reached XP level 7. HP: 41/61 MP: 6/6
  4265 | D:5      | Noticed Menkaure
  4274 | D:5      | Killed Menkaure
  4275 | D:5      | Reached skill level 1 in Throwing
  4346 | D:5      | Noticed a yak
  4356 | D:5      | Killed a yak
  4357 | D:5      | Reached XP level 8. HP: 20/69 MP: 7/7
  4434 | D:5      | Reached skill level 5 in Axes
  4648 | D:5      | Found a staircase to the Ecumenical Temple.
  4735 | Temple   | Entered the Ecumenical Temple
  4775 | Temple   | Became a worshipper of Fedhas Madash
  5160 | D:5      | Noticed Duvessa
  5161 | D:5      | Noticed Dowan
  5173 | D:5      | Killed Duvessa
  5175 | D:5      | Killed Dowan
  5546 | D:6      | Noticed Blork the orc
  5554 | D:6      | Killed Blork the orc
  5606 | D:6      | Noticed Edmund
  5630 | D:6      | Killed Edmund
  5631 | D:6      | Reached skill level 5 in Shields
  5939 | D:6      | Reached XP level 9. HP: 48/75 MP: 8/8
  6106 | D:6      | Found a glowing golden altar of the Shining One.
  6307 | D:6      | Reached * piety under Fedhas
  6415 | D:6      | Noticed Maggie
  6433 | D:6      | Killed Maggie
  6878 | D:6      | Noticed Eustachio
  6886 | D:6      | Killed Eustachio
  6887 | D:6      | Reached skill level 1 in Stealth
  7419 | D:7      | Reached skill level 5 in Maces & Flails
  7531 | D:7      | HP: 3/79 [poisoned by a hornet]
  7531 | D:7      | Slain by an unseen horror

Illustrated notes

Levels and vault maps discovered:
D:1:      minmay_arrival_arboretum_small, layout_basic,
          nicolae_ecumenical_snake_handling, minmay_pentomino_o4
D:2:      layout_loops_corners, corexii_shack, kennysheep_generic_room_15
D:3:      layout_rooms, lemuel_blue_sif_altar, hangedman_glass_teeth
D:4:      layout_cave_pools, lemuel_zombie_altar_yredelemnul,
          nicolae_ossuary_entry_giza, nrook_campfire, st_stairs_12, uniq_sigmund
D:5:      layout_loops_cross, minmay_temple_entry_waves,
          minmay_stone_trees_small, serial_bayou_pond_b,
          minmay_gold_behind_fungi, uniq_menkaure, uniq_duvessa
D:6:      layout_loops_cross, nicolae_tso_carved_into_rock, minivault_25,
          uniq_eustachio, uniq_maggie, uniq_edmund, uniq_blork_the_orc
D:7:      layout_basic, serial_shops, nicolae_shop_overgrown_old_shop,
          hex_intersection, dreamdust_princess_corridor, uniq_pikel
Temple:   nicolae_temple_hex_pool

Skill      XL: |  1  2  3  4  5  6  7  8  9 |
---------------+----------------------------+-----
Armour         | 4 5 6 7 |  7.9
Fighting       | 4 5 6 7 |  7.3
Long Blades    | 3 4 5 |  5.9
Dodging        | 1 2 3 4 |  4.5
Shields        | 4 5 6 |  6.0
Axes           | 2 4 7 |  7.7
Throwing       | 1 2 3 |  3.0
Maces & Flails | 5 |  5.8
Stealth        | 1 |  1.2

Action                   |  1- 3 |  4- 6 |  7- 9 || total
-------------------------+-------+-------+-------++-------
Melee: Long sword        |   100 |   184 |       ||   284
       Headbutt          |     6 |    45 |    37 ||    88
       War axe           |       |    26 |    87 ||   113
       Flail             |       |       |   122 ||   122
Throw: Dart              |     4 |     9 |    17 ||    30
  Use: Potion            |       |       |     4 ||     4
       Scroll            |       |       |     6 ||     6
Armor: Scale mail        |    51 |    85 |    64 ||   200
       Acid dragon scale |       |       |    40 ||    40
Dodge: Dodged            |    47 |   139 |   150 ||   336
Block: Buckler           |    20 |    32 |    58 ||   110

Table legend: (Time is in decaauts)
 A = Elapsed time spent in this place.
 B = Non-inter-level travel time spent in this place.
 C = Inter-level travel time spent in this place.
 D = Time resting spent in this place.
 E = Time spent auto-exploring this place.
 F = Levels seen in this place.
 G = Mean time per level.
                   A        B        C        D        E       F      G
               +--------+--------+--------+--------+--------+-----+--------+
         Total |   7652 |   7415 |    237 |    386 |   4650 |   9 |  850.2 |
       Dungeon |   6925 |   6688 |    237 |    386 |   4598 |   7 |  989.3 |
        Temple |     53 |     53 |      0 |      0 |      7 |   1 |   53.0 |
       Ossuary |    672 |    672 |      0 |      0 |     45 |   1 |  672.0 |
               +--------+--------+--------+--------+--------+-----+--------+

Top non-repeatable levels by time:
     D:6: 1762 daAuts
     D:5: 1449 daAuts
     D:2: 1173 daAuts
     D:4: 983 daAuts
 Ossuary: 672 daAuts
     D:1: 664 daAuts
     D:3: 638 daAuts
     D:7: 254 daAuts
  Temple: 53 daAuts
